 Dungeon Crawl Stone Soup version 0.28-a0-1312-g71652a0310 (webtiles) character file.

Game seed: 8630870461140158066

1168 wakim the Chiller (level 7, -2/59 HPs)
             Began as a Demigod Ice Elementalist on Dec 27, 2021.
             Slain by a two-headed ogre (3 damage)
             ... on level 6 of the Dungeon.
             The game lasted 00:20:20 (4351 turns).

wakim the Chiller (Demigod Ice Elementalist)        Turns: 4351, Time: 00:20:20

Health: -2/59      AC: 13    Str:  9    XL:     7   Next: 96%
Magic:  11/16      EV: 12    Int: 29    God:
Gold:   284        SH:  0    Dex: 14    Spells: 7/14 levels left

rFire   + + .      SeeInvis .   a - +7 whip "Impslayer" {speed, rElec rF+ Int+4}
rCold   . . .      Faith    .   (no shield)
rNeg    . . .      Spirit   .   e - +0 robe
rPois   .          Reflect  .   (no helmet)
rElec   +          Harm     .   f - +0 cloak
rCorr   .          Rampage  .   x - +0 pair of gloves
Will    .....                   c - +0 pair of boots
Stlth   ++........              (no amulet)
HPRegen 0.19/turn               D - ring of protection from fire
MPRegen 0.15/turn               (no ring)

@: ice-armoured, freezing walls
A: high mp 1, forlorn, divine attributes
a: no special abilities


You were on level 6 of the Dungeon.
You visited 2 branches of the dungeon, and saw 7 of its levels.

You collected 284 gold pieces.

Inventory:

Hand Weapons
 a - the +7 whip "Impslayer" (weapon) {speed, rElec rF+ Int+4}
   (You found it on level 3 of the Dungeon)

   Attacks with this weapon are significantly faster.
   Int:       It affects your intelligence (+4).
   rF:        It protects you from fire.
   rElec:     It insulates you from electricity.
Armour
 c - a +0 pair of boots (worn)
 e - a +0 robe (worn)
 f - a +0 cloak (worn)
 x - a +0 pair of gloves (worn)
Jewellery
 D - a ring of protection from fire (left hand)
Wands
 w - a wand of acid (20)
 y - a wand of paralysis (12)
Scrolls
 d - a scroll of acquirement {unknown}
 g - 2 scrolls of magic mapping {unknown}
 r - a scroll of identify
 A - a scroll of enchant armour {unknown}
 P - 2 scrolls of amnesia
 Q - 2 scrolls of teleportation {unknown}
 R - a scroll of fog {unknown}
Potions
 B - a potion of brilliance {unknown}
 C - a potion of berserk rage {!q}
 E - a potion of lignification {unknown}
 F - 3 potions of curing
 G - 2 potions of flight
 K - a potion of magic
 N - a potion of might
 O - 2 potions of resistance


   Skills:
 + Level 4.2 Fighting
 + Level 4.1 Maces & Flails
 - Level 1.7 Dodging
 - Level 1.7 Stealth
 - Level 4.0 Spellcasting
 - Level 6.1 Ice Magic


You had 7 spell levels left.
You knew the following spells:

 Your Spells              Type           Power      Damage    Failure   Level
a - Freeze                Ice            100%       1d11      1%          1
b - Frozen Ramparts       Ice            82%        1d10      1%          3
c - Ozocubu's Armour      Ice            41%        N/A       1%          3

Your spell library contained the following spells:

 Spells                   Type           Power      Damage    Failure   Level
 Ensorcelled Hibernation  Hex/Ice        46%        N/A       3%          2
 Sublimation of Blood     Necr           5%         N/A       11%         2
 Wereblood                Tmut           5%         N/A       11%         2
 Gell's Gravitas          Tloc           5%         N/A       21%         3
 Spider Form              Tmut/Pois      5%         N/A       21%         3
 Teleport Other           Tloc           5%         N/A       21%         3
 Hailstorm                Conj/Ice       23%        3d7       21%         4
 Dispersal                Tloc           2%         N/A       100%        6
 Summon Hydra             Summ           2%         N/A       100%        7


Dungeon Overview and Level Annotations

Branches:
Dungeon (6/15)             Temple (1/1) D:5

Shops:
D:5 [


Innate Abilities, Weirdness & Mutations

You have an increased reservoir of magic. (+10% MP)
You shall have no god before yourself.
Your divine heritage dramatically boosts your attributes as you level up.


Message History

The two-headed ogre closely misses you.
The two-headed ogre completely misses you.
Casting: Frozen Ramparts (safe; 1% risk of failure)
Confirm with . or Enter, or press ? or * to list all spells.
Casting: Frozen Ramparts (safe; 1% risk of failure)
Press: ? - help, Dir - look around, f - activate The walls around you are covered in ice.
The wall freezes the two-headed ogre.
The two-headed ogre hits you with a +0 giant spiked club!!
The two-headed ogre barely misses you.
You hit the two-headed ogre.
The two-headed ogre is lightly wounded.
You hit the two-headed ogre.
The two-headed ogre is moderately wounded.
The wall freezes the two-headed ogre.
The two-headed ogre hits you with a +0 giant spiked club!
* * * LOW HITPOINT WARNING * * *
The two-headed ogre closely misses you.
You whack the two-headed ogre!
The two-headed ogre is heavily wounded.
You hit the two-headed ogre.
The two-headed ogre is heavily wounded.
The wall freezes the two-headed ogre.
The two-headed ogre hits you but does no damage.
The two-headed ogre hits you with a +0 giant club!
* * * LOW HITPOINT WARNING * * *
You hit the two-headed ogre.
The two-headed ogre is heavily wounded.
You hit the two-headed ogre.
The two-headed ogre is severely wounded.
The wall freezes the two-headed ogre.
The two-headed ogre barely misses you.
The two-headed ogre hits you with a +0 giant club!
* * * LOW HITPOINT WARNING * * *
You completely miss the two-headed ogre.
The two-headed ogre is severely wounded.
You whack the two-headed ogre!
The two-headed ogre is almost dead.
The wall freezes the two-headed ogre.
The two-headed ogre hits you with a +0 giant spiked club.
You die...

.?......######## .##
.#......####...# ...#
......#...##...#####....
##...<..........#.......
#..#####..........# ... #..#
#####.....#?..#......... #..#
#.........#............#
#..##..##......#O...........#
..............##@##...#.....#
........#........##..##....#
........#.###.>..#....#...#
........####..............##
........###................#
...........................##
.......##...................#
......###...........##.###..#
..#..>###...........##......#


You could see a two-headed ogre.

Vanquished Creatures
  A black bear (D:4)
  5 ogres
  A bullfrog (D:6)
  2 bullfrog zombies (D:5)
  3 orc priests
  A bullfrog skeleton (D:4)
  4 iguanas
  Natasha (thrice) (D:4)
  An orc wizard (D:5)
  A hound zombie (D:5)
  6 adders
  A howler monkey skeleton (D:5)
  An ufetubus (D:5)
  An adder skeleton (D:4)
  4 worms
  4 dart slugs
  16 orcs
  A ball python (D:2)
  3 endoplasms
  5 giant cockroaches
  10 goblins
  6 hobgoblins
  10 jackals
  5 kobolds
  2 quokkas
  2 bats
  3 frilled lizards
  2 rats
104 creatures vanquished.

Notes
Turn   | Place    | Note
-------+----------+-------------------------------------------
     0 | D:1      | wakim the Demigod Ice Elementalist began the quest for the
                  | Orb.
     0 | D:1      | Reached XP level 1. HP: 14/14 MP: 5/5
   284 | D:1      | Reached XP level 2. HP: 20/20 MP: 1/7
   459 | D:1      | Reached skill level 4 in Ice Magic
  1172 | D:2      | Reached XP level 3. HP: 26/26 MP: 5/9
  1331 | D:2      | Learned a level 3 spell: Frozen Ramparts
  1335 | D:2      | Learned a level 3 spell: Ozocubu's Armour
  1940 | D:3      | Reached XP level 4. HP: 33/33 MP: 5/11
  2236 | D:3      | Identified the +7 whip "Impslayer" {speed, rElec rF+ Int+4}
  2329 | D:3      | !checkdmg
  2369 | D:4      | Reached skill level 5 in Ice Magic
  2369 | D:4      | Reached XP level 5. HP: 18/38 MP: 2/13
  2689 | D:4      | Noticed Natasha
  2695 | D:4      | Killed Natasha
  2705 | D:4      | Noticed a black bear
  2716 | D:4      | Killed a black bear
  2717 | D:4      | Reached XP level 6. HP: 34/45 MP: 3/15
  2952 | D:4      | Noticed Natasha
  2963 | D:4      | Killed Natasha
  2967 | D:4      | Noticed Natasha
  2972 | D:4      | Killed Natasha
  3074 | D:4      | Reached skill level 6 in Ice Magic
  3258 | D:5      | Entered Level 5 of the Dungeon
  3263 | D:5      | Found Weddat's Antique Armour Shop.
  3476 | D:5      | Reached skill level 1 in Fighting
  3499 | D:5      | Reached skill level 1 in Maces & Flails
  3527 | D:5      | Reached XP level 7. HP: 48/55 MP: 7/16
  3533 | D:5      | !bestwep
  3541 | D:5      | Found a staircase to the Ecumenical Temple.
  3550 | Temple   | Entered the Ecumenical Temple
  4178 | D:6      | Noticed a two-headed ogre
  4349 | D:6      | HP: 1/59 [two-headed ogre (12)]
  4351 | D:6      | Slain by a two-headed ogre

Illustrated notes

.##.......#.....#..............#.
....#..........................#.
..#.........##....########.....#.
..........#######...# ##.####.
..###....[# ###.## #...... ..#
#.....## #.<# ###..... ###
####...#########.#####..÷....
#.....##...##÷)(....###..(
##.......@.........## #...
#............##....# #...
#.............#.(..# ##..
#..................# #..
##..........###....# #..
##...##...## ##...# #..
########## #...# #.. #...# #..
#...# ###


Turn 2329 on D:3: !checkdmg ................. #####......#.#### #..'......#.# #
#.##......#†# # ## #.##......#†#### .. ###'#######......< .+#+#.##..†..#
#...#### ....o))'.....# #...# .....###@....# #...# #.. #.....### #...# #
#.......# #...# #.......# #...# #.......#....... #.......#........#
#########........# .........# ..######### Turn 3533 on D:5: !bestwep

Levels and vault maps discovered:
D:1:      nicolae_arrival_somewhat_less_tricky_arrival, layout_loops_cross,
          dreamdust_ecumenical_altar_angels_and_demons
D:2:      layout_basic, minmay_split_cup_large
D:3:      layout_rooms
D:4:      layout_gridville, uniq_natasha
D:5:      layout_basic, minmay_temple_entry_junction, serial_shops,
          nicolae_square_shop
D:6:      layout_cave_pools, serial_shops, nicolae_inconvenience_store,
          cheibrodos_sewer_entry_bend
Temple:   compressed_dpeg_circular_temple

Skill      XL: |  1  2  3  4  5  6  7 |
---------------+----------------------+-----
Spellcasting   | 2 3 4 |  4.0
Ice Magic      | 4 5 6 |  6.1
Fighting       | 2 4 |  4.2
Maces & Flails | 1 4 |  4.1
Dodging        | |  1.7
Stealth        | |  1.7

Action                   |  1- 3 |  4- 6 |  7- 9 || total
-------------------------+-------+-------+-------++-------
Melee: Unarmed           |     3 |       |       ||     3
       Dagger            |     2 |     1 |       ||     3
       Whip              |       |    67 |    47 ||   114
 Cast: Freeze            |    66 |    17 |       ||    83
       Frozen Ramparts   |     1 |    13 |    12 ||    26
       Ozocubu's Armour  |       |     8 |     6 ||    14
  Use: Scroll            |       |     1 |     5 ||     6
 Stab: Sleeping          |     1 |     1 |     1 ||     3
Armor: Robe              |    15 |    17 |     3 ||    35
Dodge: Dodged            |    33 |    35 |    20 ||    88

Table legend: (Time is in decaauts)
 A = Elapsed time spent in this place.
 B = Non-inter-level travel time spent in this place.
 C = Inter-level travel time spent in this place.
 D = Time resting spent in this place.
 E = Time spent auto-exploring this place.
 F = Levels seen in this place.
 G = Mean time per level.
                   A        B        C        D        E       F      G
               +--------+--------+--------+--------+--------+-----+--------+
         Total |   4315 |   4152 |    163 |    320 |   1305 |   7 |  616.4 |
       Dungeon |   4313 |   4150 |    163 |    320 |   1305 |   6 |  718.8 |
        Temple |      1 |      1 |      0 |      0 |      0 |   1 |    1.0 |
               +--------+--------+--------+--------+--------+-----+--------+

Top non-repeatable levels by time:
     D:1: 1114 daAuts
     D:2: 805 daAuts
     D:4: 763 daAuts
     D:5: 713 daAuts
     D:3: 562 daAuts
     D:6: 353 daAuts
  Temple: 1 daAuts
